 Dungeon Crawl Stone Soup version 0.29-a0-219-g0a02b1cf4f (webtiles) character file.

Game seed: 18145297136937185221

65 sanka the Conjurer (level 4, 30/30 HPs)
             Began as a Merfolk Conjurer on Feb 21, 2022.
             Was a Believer of Ru.
             Quit the game on level 3 of the Dungeon on Feb 25, 2022.
             The game lasted 00:04:38 (2717 turns).

sanka the Conjurer (Merfolk Conjurer)               Turns: 2717, Time: 00:04:39

Health: 30/30      AC:  4    Str:  7    XL:     4   Next: 14%
Magic:  2/2        EV: 13    Int: 17    God:    Ru [**....]
Gold:   150        SH:  0    Dex: 16    Spells: 4/7 levels left

rFire   . . .      SeeInvis .   b - +9 dagger of Yzihun {antimagic, Dex+2}
rCold   . . .      Faith    .   (no shield)
rNeg    . . .      Spirit   .   a - +0 robe
rPois   .          Reflect  .   d - +0 helmet
rElec   .          Harm     .   (no cloak)
rCorr   .          Rampage  .   f - +0 pair of gloves
Will    .....                   (no boots)
Stlth   ++........              (no amulet)
HPRegen 0.10/turn               (no ring)
MPRegen 0.08/turn               (no ring)

@: no status effects
A: inability to use devices, (nimble swimmer 2), mertail
a: Renounce Religion


You were on level 3 of the Dungeon.
You worshipped Ru.
Ru was pleased with you.
You visited 1 branch of the dungeon, and saw 3 of its levels.

You collected 150 gold pieces.


Innate Abilities, Weirdness & Mutations

You cannot study or use magical devices.
((You are very nimble when in or above water. (Stealth+, EV+, Speed+++)))
Your lower body shifts to a powerful aquatic tail in water.


   Skills:
 - Level 2.6 Dodging
 - Level 2.1 Stealth
 - Level 2.0 Spellcasting
 + Level 4.6 Conjurations


You had 4 spell levels left.
You knew the following spells:

 Your Spells              Type           Power      Damage    Failure   Level
x - Searing Ray           Conj           34%        2d5       4%          2
z - Magic Dart            Conj           68%        1d6       3%          1

Your spell library contained the following spells:

 Spells                   Type           Power      Damage    Failure   Level
 Dazzling Flash           Conj/Hex       18%        N/A       22%         3
 Fulminant Prism          Conj/Hex       4%         3d6       58%         4
 Iskenderun's Mystic Bla  Conj/Tloc      9%         2d4       58%         4
 Animate Dead             Necr           0%         N/A       88%         4
 Haunt                    Necr/Summ      0%         N/A       100%        7
 Infestation              Necr           0%         N/A       100%        8

Inventory:

Hand Weapons
 b - the +9 dagger of Yzihun (weapon) {antimagic, Dex+2}

   It reduces the magical energy of the wielder, and disrupts the spells and
   magical abilities of those it strikes.
   Natural abilities and divine invocations are not affected.
   Dex:       It affects your dexterity (+2).
Armour
 a - a +0 robe (worn)
 d - a +0 helmet (worn)
 f - a +0 pair of gloves (worn)
Jewellery
 c - an amulet of guardian spirit
Scrolls
 g - a scroll of enchant weapon {unknown}
 i - 2 scrolls of teleportation {unknown}
 k - 2 scrolls of noise {unknown}
 m - a scroll of fear {unknown}
 n - a scroll of fog {unknown}
 o - 4 scrolls of identify {unknown}
Potions
 e - a potion of flight {unknown}
 h - a potion of curing {unknown}
 j - a potion of ambrosia {unknown}
 l - a potion of haste {unknown}

Dungeon Overview and Level Annotations

Branches:
Dungeon (3/15)

Altars:
Ru

▒......▒▒...)†.
▒......▒▒...▒..
▒......▒▒...▒.▒
▒▒▒......▒▒...▒..
▒........▒▒..>▒▒)
▒▒▒▒▒▒▒▒........▒▒...▒▒.
▒..........▒▒▒▒▒▒▒▒▒▒▒▒.
▒.........▒▒ ▒▒
▒......m..▒ ▒
▒.........▒ ▒
▒.........▒ ▒.........▒
▒.....<...▒ ▒.........▒
▒......S..▒ ▒.........▒


You could see a ball python (asleep).


Message History

Found an escape hatch in the ceiling.
A ball python comes into view.
A ball python is nearby!
Saving game... please wait.
Options error: Bad object type '%' for autopickup. (~/.crawlrc:98) Options error: Bad monster_list_colour key: strict_neutral (~/.crawlrc:1384) Options error: Unknown monster: "worker ant:red B" (~/.crawlrc:1490) Options error: Unknown monster: "queen ant:lightgreen B" (~/.crawlrc:1491) Options error: Unknown monster: "soldier ant:white B" (~/.crawlrc:1492) Options error: Unknown monster: "blood saint:9" (~/.crawlrc:1524) Options error: Unknown monster: "warmonger:9" (~/.crawlrc:1525) Options error: Unknown monster: "corrupter:9" (~/.crawlrc:1526) Options error: Unknown monster: "black sun:9" (~/.crawlrc:1527) Options error: Unknown monster: "greater mummy:lightmagenta M" (~/.crawlrc:1533) Welcome back, sanka the Merfolk Conjurer.
Ru says: Cut away your false body!
Saving game... please wait.
Options error: Bad object type '%' for autopickup. (~/.crawlrc:98) Options error: Bad monster_list_colour key: strict_neutral (~/.crawlrc:1384) Options error: Unknown monster: "worker ant:red B" (~/.crawlrc:1490) Options error: Unknown monster: "queen ant:lightgreen B" (~/.crawlrc:1491) Options error: Unknown monster: "soldier ant:white B" (~/.crawlrc:1492) Options error: Unknown monster: "blood saint:9" (~/.crawlrc:1524) Options error: Unknown monster: "warmonger:9" (~/.crawlrc:1525) Options error: Unknown monster: "corrupter:9" (~/.crawlrc:1526) Options error: Unknown monster: "black sun:9" (~/.crawlrc:1527) Options error: Unknown monster: "greater mummy:lightmagenta M" (~/.crawlrc:1533) Welcome back, sanka the Merfolk Conjurer.
Ru says: Cut away your false body!
Are you sure you want to abandon this character and quit the game? (Confirm with "yes".)

Action                   |  1- 3 |  4- 6 || total
-------------------------+-------+-------++-------
Melee: Unarmed           |     3 |       ||     3
       Dagger            |     3 |     3 ||     6
 Cast: Magic Dart        |    88 |    10 ||    98
Invok: Sacrifice Artific |     1 |       ||     1
Armor: Robe              |     6 |       ||     6
Dodge: Dodged            |    11 |     2 ||    13

Levels and vault maps discovered:
D:1:      scummos_arrival_forest, layout_rooms, basic_ecumenical_altar,
          corner_web_ring, minmay_misc_feat_doors
D:2:      layout_basic
D:3:      layout_basic, kennysheep_vampire_church

Notes
Turn   | Place    | Note
-------+----------+-------------------------------------------
     0 | D:1      | sanka the Merfolk Conjurer began the quest for the Orb.
     0 | D:1      | Reached XP level 1. HP: 13/13 MP: 3/3
   236 | D:1      | Reached XP level 2. HP: 19/19 MP: 0/5
   535 | D:1      | Learned a level 2 spell: Searing Ray
   681 | D:1      | Found a faded altar of an unknown god.
   746 | D:1      | Prayed at the altar of an unknown god.
   746 | D:1      | Became a worshipper of Ru the Awakened
   777 | D:1      | Gained mutation: You cannot study or use magical devices.
                  | [Ru sacrifice]
   777 | D:1      | Reached * piety under Ru
   777 | D:1      | Reached ** piety under Ru
  1204 | D:2      | Reached skill level 4 in Conjurations
  1272 | D:2      | Reached XP level 3. HP: 24/24 MP: 4/6
  1869 | D:2      | Identified the +9 dagger of Yzihun {antimagic, Dex+2}
  2391 | D:3      | Reached XP level 4. HP: 25/30 MP: 0/7
  2717 | D:3      | Upgraded the game from 0.29-a0-187-ga23d9638d5 to
                  | 0.29-a0-219-g0a02b1cf4f
  2717 | D:3      | Quit the game

Vanquished Creatures
  An adder (D:3)
  A dart slug (D:3)
  5 orcs (D:3)
  6 endoplasms
  3 giant cockroaches
  A hobgoblin (D:3)
  5 jackals
  3 kobolds
  A quokka (D:1)
  3 ball pythons
  4 bats
  5 frilled lizards
  4 goblins
  4 rats
46 creatures vanquished.
